 Dungeon Crawl Stone Soup version 0.30-a0-168-g0b976cbdc4 (webtiles) character file.

Game seed: 14004769167118982055

255 qw the Chopper (level 6, -2/38 HPs)
             Began as a Gargoyle Fighter on Sept 29, 2022.
             Slain by Duvessa
             ... wielding a +0 rapier
              (13 damage)
             ... on level 4 of the Dungeon.
             The game lasted 00:01:09 (4109 turns).

qw the Chopper (Gargoyle Fighter)                   Turns: 4109, Time: 00:01:10

Health: -2/38      AC: 13    Str: 21    XL:     6   Next: 15%
Magic:  6/6        EV:  7    Int:  9    God:
Gold:   105        SH:  4    Dex:  9    Spells: 5/5 levels left

rFire   . . .      SeeInvis .    Y - +1 war axe (freeze)
rCold   . . .      Faith    .    c - +0 buckler
rNeg    + . .      Spirit   .    l - +0 chain mail
rPois   inf        Reflect  .    (no helmet)
rElec   +          Harm     .    (no cloak)
rCorr   .          Rampage  .    (no gloves)
Will    +....                    (no boots)
Stlth   ..........               (no amulet)
HPRegen 0.12/turn                a - ring of willpower
MPRegen 0.10/turn                (no ring)

@: no status effects
A: sickness immunity, AC +4, negative energy resistance 1, electricity
resistance, torment resistance 1, petrification resistance
a: no special abilities


You were on level 4 of the Dungeon.
You visited 1 branch of the dungeon, and saw 4 of its levels.

You collected 228 gold pieces.
You spent 123 gold pieces at shops.


Innate Abilities, Weirdness & Mutations

You are immune to sickness and miasma.
Your stone body is resilient. (AC +4)
You are immune to poison.
You resist negative energy. (rN+)
You are resistant to electric shocks. (rElec)
You are resistant to unholy torment.
You are immune to petrification.


   Skills:
 - Level 4.3 Fighting
 + Level 5.0 Axes
 - Level 1.1 Throwing
 - Level 3.2 Armour
 - Level 3.2 Shields


You had 5 spell levels left.
You didn't know any spells.
Your spell library was empty.

Inventory:

Hand Weapons
 b - a +0 flail
 Y - a +1 war axe of freezing (weapon)
Missiles
 m - 6 javelins (quivered)
Armour
 c - a +0 buckler (worn)
 l - a +0 chain mail (worn)
Jewellery
 a - a ring of willpower (left hand)
Scrolls
 i - a scroll of identify
 j - a scroll of poison {unknown}
Potions
 d - a potion of might
 e - 2 potions of curing
 f - a potion of flight {unknown}
 g - 2 potions of heal wounds
 h - 2 potions of brilliance {unknown}
 k - a potion of degeneration {unknown}
 o - a potion of haste {unknown}
 p - a potion of berserk rage {unknown}

Dungeon Overview and Level Annotations

Branches:
Dungeon (4/15)
 Temple: D:4-7

Altars:

Shops:
D:2 ?

Annotations:
D:4 Duvessa


Message History

You block Dowan's attack.
You slash Dowan! You freeze Dowan.
You kill Dowan!
Duvessa weeps, and shakes her weapon.
Duvessa goes berserk!
The ball python closely misses you. You block the ball python's attack.
Your Fighting skill increases to level 4!
You have reached level 6!
You closely miss the ball python.
The ball python bites you but does no damage.
The ball python grabs you. The ball python constricts you.
You completely miss the ball python.
The ball python bites you but does no damage.
The ball python constricts you.
The ball python bites you but does no damage.
The ball python constricts you.
You slash the ball python!
The ball python seems to slow down.
You freeze the ball python.
You kill the ball python!
Duvessa hits you with a +0 rapier.
You slash Duvessa! You freeze Duvessa.
Duvessa is lightly wounded.
You block Duvessa's attack.
You slash Duvessa! You freeze Duvessa.
Duvessa is moderately wounded.
You block Duvessa's attack. Duvessa hits you but does no damage.
Duvessa hits you with a +0 rapier!
You hit Duvessa. You freeze Duvessa.
Duvessa is heavily wounded.
Duvessa barely misses you.
You barely miss Duvessa.
Duvessa is heavily wounded.
Duvessa hits you but does no damage. Duvessa closely misses you.
You slash Duvessa! You freeze Duvessa.
Duvessa is severely wounded.
Duvessa hits you with a +0 rapier. You block Duvessa's attack.
You hit Duvessa but do no damage.
Duvessa is severely wounded.
Duvessa hits you with a +0 rapier. Duvessa hits you with a +0 rapier!
You die...

#....)....#
#>#
##.......##
#.# ##.....##
#.#
########..##.#
#..
#.........##.#
##.
..######...#.#
# ####.#.#..
##....#....
#.@####..#.#
#e## ..# # #J
.. #K #. !. .#
.. .#


You could see Duvessa (berserk), an endoplasm and a kobold.

Vanquished Creatures
  Dowan (D:4)
  Jessica (D:2)
  4 gnolls (D:3)
  7 adders
  2 worms (D:2)
  A dart slug (D:1)
  7 orcs
  4 ball pythons
  4 bats
  10 endoplasms
  4 giant cockroaches
  3 goblins
  4 hobgoblins
  4 quokkas
  5 frilled lizards
  5 kobolds
  4 rats
70 creatures vanquished.

Notes
Turn   | Place    | Note
-------+----------+-------------------------------------------
     0 | D:1      | qw the Gargoyle Fighter began the quest for the Orb.
     0 | D:1      | Reached XP level 1. HP: 14/14 MP: 1/1
     0 | D:1      | 0 ||| qw: Version: 0.2-a-12-gaebbb33
     0 | D:1      | 0 ||| qw: Game counter: 1138
     0 | D:1      | 0 ||| qw: Always use a shield: true
     0 | D:1      | 0 ||| qw: God list: Okawaru
     0 | D:1      | 0 ||| qw: Allow faded altars: false
     0 | D:1      | 0 ||| qw: Do Orc after D:15 true
     0 | D:1      | 0 ||| qw: Do second Lair branch before Depths: true
     0 | D:1      | 0 ||| qw: Lair rune preference: random
     0 | D:1      | 0 ||| qw: Plans: Normal, Zot:1-4, God:TSO, Crypt, Tomb,
                  | Pan, Slime:5, Hells, Abyss, Orb
     0 | D:1      | 0 ||| PLANNING D:1-11
    57 | D:1      | 57 ||| Stepping ~*~*~tactically~*~*~ (stealth).
    63 | D:1      | Reached skill level 2 in Axes
   154 | D:1      | 154 ||| Stepping ~*~*~tactically~*~*~ (stealth).
   159 | D:1      | Reached XP level 2. HP: 19/19 MP: 2/2
  1150 | D:1      | Reached skill level 3 in Axes
  1318 | D:1      | HP: 3/19 [frozen (5)]
  1322 | D:1      | Reached XP level 3. HP: 5/23 MP: 3/3
  2014 | D:1      | 2014 ||| READING scroll labelled XAYBAA ORIVACA.
  2015 | D:1      | 2015 ||| READING scroll labelled PURINURONE.
  2016 | D:1      | 2016 ||| READING scroll labelled NENKEO TAYC.
  2017 | D:1      | 2017 ||| DRINKING 2 coppery potions.
  2018 | D:1      | 2018 ||| DRINKING 2 red potions.
  2204 | D:2      | 2204 ||| FLEEEEING.
  2275 | D:2      | Noticed Jessica
  2276 | D:2      | 2276 ||| Stepping ~*~*~tactically~*~*~ (hiding).
  2283 | D:2      | Killed Jessica
  2284 | D:2      | Reached skill level 4 in Axes
  2284 | D:2      | Reached XP level 4. HP: 28/28 MP: 4/4
  2653 | D:2      | 2653 ||| Stepping ~*~*~tactically~*~*~ (stealth).
  2989 | D:2      | Found Buczaty's Magic Scroll Shop.
  3008 | D:2      | 3008 ||| SHOPLISTING 3 scrolls of brand weapon (370 gold,
                  | have 138).
  3008 | D:2      | 3008 ||| BUYING scroll of brand weapon (123 gold).
  3008 | D:2      | Bought a scroll of brand weapon for 123 gold pieces
  3008 | D:2      | 3008 ||| SHOPLISTING scroll of enchant weapon (97 gold,
                  | have 15).
  3008 | D:2      | 3008 ||| SHOPLISTING scroll of identify (26 gold, have 15).
  3008 | D:2      | 3008 ||| SHOPLISTING scroll of teleportation (39 gold, have
                  | 15).
  3008 | D:2      | 3008 ||| READING scroll of brand weapon.
  3008 | D:2      | 3008 ||| BRANDING +1 war axe of venom.
  3375 | D:2      | 3375 ||| UPGRADING to +0 chain mail.
  3385 | D:2      | 3385 ||| DROPPING +0 scale mail.
  3386 | D:2      | 3386 ||| UPGRADING to ring of willpower.
  3387 | D:2      | 3387 ||| READING scroll labelled RUFFUESCH FICANT.
  3388 | D:2      | 3388 ||| READING scroll labelled JILEMUP CISOJU.
  3389 | D:2      | 3389 ||| READING 2 scrolls labelled CITTERATUE.
  3390 | D:2      | 3390 ||| READING scroll labelled HOPTAA JUNIA.
  3391 | D:2      | 3391 ||| DROPPING scroll of noise.
  3469 | D:3      | Reached XP level 5. HP: 31/32 MP: 5/5
  3502 | D:3      | 3502 ||| DROPPING +0 mace.
  3583 | D:3      | Reached skill level 5 in Axes
  3894 | D:3      | 3894 ||| Stepping ~*~*~tactically~*~*~ (stealth).
  3992 | D:3      | 3992 ||| READING scroll labelled VOSOL KOCSE.
  3995 | D:3      | 3995 ||| READING scroll labelled JYNAHI OMOSESCH.
  3996 | D:3      | 3996 ||| READING scroll labelled XAESAS PAGACU.
  4011 | D:4      | Reached skill level 1 in Throwing
  4067 | D:4      | 4067 ||| Stepping ~*~*~tactically~*~*~ (stealth).
  4089 | D:4      | Noticed Dowan
  4090 | D:4      | 4090 ||| Stepping ~*~*~tactically~*~*~ (hiding).
  4093 | D:4      | Noticed Duvessa
  4100 | D:4      | Killed Dowan
  4101 | D:4      | Reached XP level 6. HP: 30/38 MP: 6/6
  4109 | D:4      | Slain by Duvessa

Levels and vault maps discovered:
D:1:      evilmike_arrival_rings, layout_basic
D:2:      layout_loops_corners, serial_shops, shop_scrolls, uniq_jessica
D:3:      layout_basic
D:4:      layout_rooms, minmay_temple_entry_sparse_star, minmay_mini_ossuary,
          uniq_duvessa, uniq_crazy_yiuf_cottage

Skill      XL: |  1  2  3  4  5 |
---------------+----------------+-----
Axes           | 2 3 4 5 |  5.0
Throwing       | 1 |  1.1
Fighting       | 4 |  4.3
Armour         | |  3.2
Shields        | |  3.2

Action                   |  1- 3 |  4- 6 || total
-------------------------+-------+-------++-------
Melee: War axe           |   110 |    94 ||   204
Throw: Javelin           |       |     4 ||     4
  Use: Scroll            |     3 |     8 ||    11
       Potion            |     2 |       ||     2
Armor: Scale mail        |    58 |    13 ||    71
       Chain mail        |       |    29 ||    29
Dodge: Dodged            |    36 |    27 ||    63
Block: Buckler           |    17 |    19 ||    36

Table legend:
 A = Non-vault XP
 B = Vault XP
 C = Vault XP percentage of total XP
 D = Non-vault monster count
 E = Vault monster count
 F = Vault count percentage of total count
                 A         B        C        D         E       F
            +---------+---------+-------+---------+---------+-------
      Total |     259 |     106 |  29.0 |      68 |       2 |   2.9
            +---------+---------+-------+---------+---------+-------
        D:1 |      43 |       0 |   0.0 |      25 |       0 |   0.0
        D:2 |      73 |      37 |  33.6 |      19 |       1 |   5.0
        D:3 |     124 |       0 |   0.0 |      20 |       0 |   0.0
        D:4 |      19 |      69 |  78.4 |       4 |       1 |  20.0
            +---------+---------+-------+---------+---------+-------
